 Dungeon Crawl Stone Soup version 0.27-a0-1149-g4505690ab0 (webtiles) character file.

Game seed: 4613579097761722821

24542 Froggeryz the Bludgeoner (level 12, -1/129 HPs)
             Began as a Palentonga Berserker on May 13, 2021.
             Was an Elder of Trog.
             Succumbed to a black mamba's poison
             ... on level 1 of the Lair of Beasts.
             The game lasted 00:20:04 (14491 turns).

Froggeryz the Bludgeoner (Palentonga Berserker)    Turns: 14491, Time: 00:20:04

Health: -1/129     AC: 11    Str: 24    XL:     12   Next: 81%
Magic:  12/12      EV:  9    Int:  9    God:    Trog [****..]
Gold:   779        SH: 16    Dex: 10    Spells: 11/11 levels left

rFire    . . .     SeeInvis +   E - +2 whip of Forced Transition {freeze, rElec}
rCold    . . .     Faith    .   J - +0 kite shield
rNeg     + . .     Spirit   .   n - +0 scale mail
rPois    .         Reflect  +   v - +0 helmet
rElec    +         Harm     .   k - +1 cloak
rCorr    .         Rampage  .   B - +0 pair of gloves
Will     .....                  (no barding)
Stlth    ..........             u - amulet of reflection
HPRegen  0.31/turn              y - ring of positive energy
MPRegen  0.13/turn              (no ring)

@: berserking (expiring), lethally poisoned (-1 -> -10), very quick
A: large, rugged brown scales 3, see invisible, deformed body, roll 1, armoured
tail, reflexive curl
a: Rolling Charge, Renounce Religion, Berserk, Trog's Hand, Brothers in Arms


You were on level 1 of the Lair of Beasts.
You worshipped Trog.
Trog was greatly pleased with you.
You visited 2 branches of the dungeon, and saw 11 of its levels.
You also visited: Sewer and Volcano.

You collected 779 gold pieces.

Inventory:

Hand Weapons
 E - the +2 whip of Forced Transition (weapon) {freeze, rElec}
   (You found it on level 7 of the Dungeon)

   It has been specially enchanted to freeze those struck by it, causing extra
   injury to most foes and up to half again as much damage against particularly
   susceptible opponents.
   It can also slow down cold-blooded creatures.
   It insulates you from electricity.
Missiles
 e - 4 atropa-tipped darts
 m - 82 poisoned darts
 w - 9 javelins
 I - a throwing net
 L - 2 curare-tipped darts
Armour
 k - a +1 cloak (worn)
 n - a +0 scale mail (worn)
 v - a +0 helmet (worn)
 B - a +0 pair of gloves (worn)
 J - a +0 kite shield (worn)
Jewellery
 g - a ring of ice
 u - an amulet of reflection (around neck)
 y - a ring of positive energy (left hand)
Wands
 x - a wand of polymorph (4)
 C - a wand of acid (16)
 G - a wand of mindburst (13)
 H - a wand of iceblast (16)
 N - a wand of paralysis (11)
Scrolls
 c - a scroll of blinking
 p - a scroll of holy word {unknown}
 q - 4 scrolls of enchant armour
 r - 2 scrolls of teleportation
 s - a scroll of identify
 z - 3 scrolls of enchant weapon
Potions
 a - a potion of experience
 b - 3 potions of brilliance
 d - 2 potions of might
 f - 4 potions of berserk rage
 h - 3 potions of heal wounds
 i - 4 potions of flight
 j - 5 potions of lignification
 l - 2 potions of magic
 o - 3 potions of curing
 P - 2 potions of ambrosia


   Skills:
 - Level 3.0 Fighting
 * Level 15.3 Maces & Flails
 - Level 4.2 Throwing
 - Level 3.0 Armour
 - Level 5.2 Dodging
 + Level 8.8 Shields


You had 11 spell levels left.
You didn't know any spells.
Your spell library was empty.

Dungeon Overview and Level Annotations

Branches:
Dungeon (10/15)            Temple (0/1) D:4            Lair (1/6) D:8
  Sewer (visited)         Volcano (visited)
    Orc: D:9-12

Altars:
Dithmenos
Elyvilon
Fedhas
Gozag
Okawaru
Qazlal
Ru
Wu Jian

Shops:
D:8 (   D:9 *

Annotations:
Lair:1 Gurchaud's ghost, journeyman DrCj


Innate Abilities, Weirdness & Mutations

You are completely covered in rugged brown scales. (AC +3, +7% HP)
You have supernaturally acute eyesight. (SInv)
Armour fits poorly on your strangely shaped body.
You can roll at nearby foes to attack.
You have a long armoured tail.
You curl defensively after being hit.


Message History

You feel sick.
Your ogre hits Gurchaud's ghost with a +0 giant club!!
Unknown command.
You hit the minotaur. You freeze the minotaur.
The minotaur is severely wounded.
* * * LOW HITPOINT WARNING * * *
You feel sick. The minotaur hits you.
* * * LOW HITPOINT WARNING * * *
The minotaur gores you but does no damage.
Unknown command.
You whack the minotaur! You freeze the minotaur.
The minotaur is almost dead.
* * * LOW HITPOINT WARNING * * *
You feel sick.
Your ogre barely misses Gurchaud's ghost.
Gurchaud's ghost hits your ogre.
Your ogre looks as sick as possible!
You barely miss the minotaur.
The minotaur furiously retaliates!
The minotaur headbutts you, but does no damage.
The minotaur is almost dead.
* * * LOW HITPOINT WARNING * * *
You feel sick.
Unknown command.
You barely miss the minotaur.
The minotaur is almost dead.
* * * LOW HITPOINT WARNING * * *
You feel sick. You block the minotaur's attack. x2
Your ogre closely misses Gurchaud's ghost.
Unknown command.
You hit the minotaur. You freeze the minotaur.
You kill the minotaur!
Trog accepts your kill.
You can now call in reinforcements.
* * * LOW HITPOINT WARNING * * *
You feel sick. Gurchaud's ghost hits your ogre!
Your ogre looks as sick as possible!
Unknown command.
You are too berserk!
You are too berserk!
You are too berserk!
You die...

........+....##.[=(.##.## #.....
.............#.#...# #.# #.....
####....#....#.#.#.# #.# #.....
...#....#....#.....###.#####.....
####....#....#.##..#.#...........
##≈##...#....#..W....#.#####+#...
#≈§§##..#....###O('###.#.....#...
≈≈§≈§.###..............#..>..#...
..§.........+...@...+............
≈≈≈≈≈.......###.....#........#...
#≈≈≈##.....##................#...
##≈##.....##.......#....##+###...
.###...........#.................
.##......##..#...##.##...........
.........#.................####..
.###.###.#..#........##...## #..
.###.8......#.8.8.#...#....# #..


You could see Gurchaud's ghost (ally target) and a friendly ogre (summoned,
berserk, extremely poisoned).

Vanquished Creatures
  A minotaur (Lair:1)
  Erolcha (D:9)
  A two-headed ogre (D:10)
  Erica (D:8)
  Pikel (D:5)
  2 lindwurms (Volcano)
  A black mamba (Lair:1)
  A toenail golem (Volcano)
  3 molten gargoyles (Volcano)
  An efreet (Volcano)
  A komodo dragon (D:10)
  A hornet (D:9)
  Prince Ribbit (D:8)
  Grinder (D:3)
  19 yaks
  Eustachio (D:5)
  2 fire elementals (Volcano)
  Grum (D:8)
  A wyvern (D:8)
  2 basilisks
  2 vampire mosquitoes (D:10)
  Duvessa (D:6)
  5 water moccasins
  An ice beast (D:8)
  2 sky beasts
  6 ogres
  2 wolves (D:8)
  5 centaurs
  2 lemures (D:5)
  5 kobold brigands
  3 bullfrogs
  4 scorpions
  2 wyvern zombies
  A water moccasin zombie (D:5)
  2 earth elementals (Volcano)
  Dowan (D:6)
  5 killer bees (D:10)
  An electric eel (Lair:1)
  A howler monkey (D:8)
  5 centaur zombies
  3 orc priests
  A gnoll shaman (D:9)
  3 hounds
  3 jellies (D:6)
  A centaur skeleton (D:5)
  An iguana (D:5)
  5 orc wizards
  3 hound skeletons (D:4)
  A howler monkey zombie (D:10)
  Robin (D:3)
  4 gnolls (D:9)
  5 adders
  3 shadow imps
  A white imp (D:7)
  An ufetubus (D:4)
  2 worms
  2 dart slugs
  12 orcs
  10 ball pythons
  8 endoplasms
  2 giant cockroaches
  12 goblins
  2 hobgoblins
  6 jackals (D:3)
  3 quokkas
  8 bats
  5 frilled lizards
  31 kobolds
  4 rats
242 creatures vanquished.

Vanquished Creatures (others)
  3 bushes
  6 fungi (D:8)
  37 plants
46 creatures vanquished.

Grand Total: 288 creatures vanquished

Notes
Turn   | Place    | Note
-------+----------+-------------------------------------------
     0 | D:1      | Froggeryz the Palentonga Berserker began the quest for the
                  | Orb.
     0 | D:1      | Reached XP level 1. HP: 19/19 MP: 1/1
   465 | D:1      | Found a faded altar of an unknown god.
   531 | D:1      | Reached XP level 2. HP: 19/25 MP: 2/2
  1320 | D:2      | Reached skill level 4 in Maces & Flails
  1664 | D:2      | Reached XP level 3. HP: 15/31 MP: 3/3
  1971 | D:2      | You fall into a shaft and drop 2 floors!
  1986 | D:4      | Found an opulent altar of Gozag.
  2027 | D:4      | Found a stormy altar of Qazlal.
  2047 | D:4      | Noticed a scorpion
  2062 | D:4      | Killed a scorpion
  2063 | D:4      | Reached skill level 5 in Maces & Flails
  2063 | D:4      | Reached XP level 4. HP: 37/37 MP: 4/4
  2102 | D:4      | Reached ** piety under Trog
  2133 | D:4      | Noticed an ogre
  2140 | D:4      | Killed an ogre
  2141 | D:4      | Reached XP level 5. HP: 4/43 MP: 5/5
  2411 | D:4      | Found a glowing drain.
  2420 | Sewer    | Entered a sewer
  2626 | Sewer    | Reached skill level 6 in Maces & Flails
  2626 | Sewer    | Reached XP level 6. HP: 23/50 MP: 6/6
  3142 | D:4      | Found a staircase to the Ecumenical Temple.
  3582 | D:3      | Noticed Grinder
  3584 | D:3      | Paralysed by Grinder for 4 turns
  3599 | D:3      | Killed Grinder
  3600 | D:3      | Reached skill level 7 in Maces & Flails
  3600 | D:3      | Gained mutation: You curl defensively after being hit.
                  | [Palentonga growth]
  3600 | D:3      | Reached XP level 7. HP: 55/55 MP: 7/7
  3814 | D:3      | Reached *** piety under Trog
  4153 | D:3      | Noticed Robin
  4162 | D:3      | Killed Robin
  4688 | D:5      | Entered Level 5 of the Dungeon
  4738 | D:5      | Noticed Eustachio
  4753 | D:5      | Killed Eustachio
  4754 | D:5      | Reached skill level 8 in Maces & Flails
  4892 | D:5      | Reached XP level 8. HP: 49/62 MP: 8/8
  5092 | D:5      | Found a sacrificial altar of Ru.
  5222 | D:5      | Noticed Pikel
  5554 | D:5      | Killed Pikel
  5555 | D:5      | Reached skill level 9 in Maces & Flails
  5814 | D:6      | Reached **** piety under Trog
  5818 | D:6      | Noticed Dowan
  5818 | D:6      | Noticed Duvessa
  5830 | D:6      | Killed Duvessa
  5831 | D:6      | Reached skill level 10 in Maces & Flails
  5842 | D:6      | Killed Dowan
  6055 | D:6      | Reached XP level 9. HP: 61/67 MP: 9/9
  6058 | D:6      | Reached skill level 5 in Dodging
  6674 | D:6      | Reached skill level 1 in Throwing
  6689 | D:6      | Found a blossoming altar of Fedhas.
  6786 | D:7      | Found an ornate altar of the Wu Jian Council.
  7080 | D:7      | Reached skill level 11 in Maces & Flails
  7228 | D:7      | Identified the +2 whip of Forced Transition {freeze, rElec}
  7391 | D:8      | Found Ablyiniv's Hydra Hut.
  7395 | D:8      | Noticed a seven-headed hydra
  7456 | D:8      | Noticed Erica
  7481 | D:8      | Killed Erica
  7484 | D:8      | Noticed Prince Ribbit
  7520 | D:8      | Killed Prince Ribbit
  7521 | D:8      | Reached skill level 12 in Maces & Flails
  7521 | D:8      | Reached XP level 10. HP: 19/74 MP: 10/10
  7785 | D:8      | Noticed Grum
  7851 | D:8      | Killed Grum
  8299 | D:8      | Reached skill level 13 in Maces & Flails
  8593 | D:8      | Found an iron altar of Okawaru.
  8665 | D:8      | Found a staircase to the Lair.
  8962 | D:9      | Reached skill level 1 in Shields
  9657 | D:9      | Found Dauph's Mass Market.
  9994 | D:9      | Noticed Erolcha
 10013 | D:9      | Killed Erolcha
 10014 | D:9      | Reached XP level 11. HP: 80/80 MP: 11/11
 10052 | D:9      | Found a white marble altar of Elyvilon.
 10527 | D:10     | Entered Level 10 of the Dungeon
 10551 | D:10     | Found a shadowy altar of Dithmenos.
 10781 | D:10     | Reached skill level 14 in Maces & Flails
 11235 | D:10     | Noticed a two-headed ogre
 11244 | D:10     | Killed a two-headed ogre
 11874 | D:10     | Identified the +4 war axe "Ycreg" {flame, Str+4}
 11928 | Lair:1   | Entered Level 1 of the Lair of Beasts
 12000 | Lair:1   | Noticed a minotaur
 12000 | Lair:1   | Noticed Gurchaud's ghost (journeyman DrCj)
 12040 | Lair:1   | Found a runed translucent gate.
 12061 | Lair:1   | Found a runed translucent gate.
 12061 | Lair:1   | Found a runed translucent gate.
 12401 | Lair:1   | Found a dark tunnel.
 12498 | Volcano  | Entered a volcano
 12767 | Volcano  | Noticed a lindwurm
 12767 | Volcano  | Noticed a lindwurm
 12946 | Volcano  | Reached XP level 12. HP: 86/86 MP: 12/12
 13536 | Volcano  | Reached skill level 15 in Maces & Flails
 14486 | Lair:1   | HP: 6/129 [poisoned by a black mamba]
 14489 | Lair:1   | HP: 2/129 [poisoned by a black mamba]
 14490 | Lair:1   | Killed a minotaur
 14491 | Lair:1   | Succumbed to a black mamba's poison

Illustrated notes

Levels and vault maps discovered:
D:1:      heliophobic_arrival_glass_houses, layout_loops_corners,
          hellmonk_ecumenical_altar_crossroads, minmay_statues_item,
          amethyst_killhole
D:2:      layout_rooms
D:3:      layout_loops_ring, uniq_robin, uniq_grinder
D:4:      layout_basic, nicolae_gozag_cash_rules_everything_around_me,
          grunt_qazlal_sundering, minmay_temple_entry_stoned_glass,
          portal_sewer_entry_b
D:5:      layout_gridville, kennysheep_mini_moat, uniq_pikel, uniq_eustachio
D:6:      layout_rooms, marbit_many_paths, hangedman_glass_teeth, uniq_duvessa
D:7:      layout_basic, nicolae_overflow_hidden_temple
D:8:      layout_cave_pools, old_standard_altar, minmay_lair_entry_grove,
          doesnt_shop_hydraphobe, uniq_erica, uniq_prince_ribbit1, uniq_grum
D:9:      layout_loops_ring, lemuel_crystal_altar, minmay_shop_mass,
          kb_lookout_dungeons_type, uniq_erolcha
D:10:     layout_irregular_city, nicolae_dithmenos_shadow_blocks
Lair:1:   layout_chaotic_city, enter_volcano_4, maelrawn_ghost_gauntlet_escape,
          serial_bayou_shore_a, grunt_megastairs_2

Skill      XL: |  1  2  3  4  5  6  7  8  9 10 11 12 |
---------------+-------------------------------------+-----
Maces & Flails | 4 5 6 7 8 10 12 13 14 15 | 15.3
Armour         | 2 3 |  3.0
Dodging        | 2 3 4 5 |  5.2
Throwing       | 3 4 |  4.2
Shields        | 2 8 |  8.8
Fighting       | |  3.0

Action                   |  1- 3 |  4- 6 |  7- 9 | 10-12 || total
-------------------------+-------+-------+-------+-------++-------
Melee: Mace              |    92 |   106 |   169 |       ||   367
       Tailslap          |     6 |    11 |    46 |    80 ||   143
       Whip              |       |       |   143 |   519 ||   662
Invok: Berserk           |     1 |     4 |     7 |    11 ||    23
       Trog's Hand       |       |     1 |     1 |     6 ||     8
       Brothers in Arms  |       |       |       |     1 ||     1
 Abil: Rolling Charge    |       |       |     1 |       ||     1
Evoke: Wand              |       |       |     2 |       ||     2
  Use: Scroll            |     2 |     1 |     6 |     8 ||    17
       Potion            |       |     1 |     4 |     8 ||    13
Armor: Animal skin       |    34 |       |       |       ||    34
       Scale mail        |    11 |    65 |   147 |   129 ||   352
Dodge: Dodged            |    43 |    63 |   123 |   129 ||   358
Block: Other             |       |       |    49 |    58 ||   107
       Reflection        |       |       |       |     3 ||     3
       Kite shield       |       |       |       |    23 ||    23

Table legend: (Time is in decaauts)
 A = Elapsed time spent in this place.
 B = Non-inter-level travel time spent in this place.
 C = Inter-level travel time spent in this place.
 D = Time resting spent in this place.
 E = Time spent auto-exploring this place.
 F = Levels seen in this place.
 G = Mean time per level.
                   A        B        C        D        E       F      G
               +--------+--------+--------+--------+--------+-----+--------+
         Total |  14462 |  14022 |    440 |   4008 |   7894 |  13 | 1112.5 |
       Dungeon |  11211 |  10811 |    400 |   2463 |   6726 |  10 | 1121.1 |
          Lair |   1181 |   1141 |     40 |    267 |    786 |   1 | 1181.0 |
         Sewer |    694 |    694 |      0 |    288 |    170 |   1 |  694.0 |
       Volcano |   1374 |   1374 |      0 |    989 |    211 |   1 | 1374.0 |
               +--------+--------+--------+--------+--------+-----+--------+

Top non-repeatable levels by time:
     D:9: 1972 daAuts
 Volcano: 1374 daAuts
     D:1: 1316 daAuts
     D:8: 1275 daAuts
  Lair:1: 1181 daAuts
    D:10: 1158 daAuts
     D:6: 1042 daAuts
     D:5: 1025 daAuts
     D:3: 1021 daAuts
     D:4: 975 daAuts
     D:2: 823 daAuts
   Sewer: 694 daAuts
     D:7: 599 daAuts
